 Dungeon Crawl Stone Soup version 0.17.1-3-g152610e (webtiles) character file.

58 Inkary the Cudgeler (level 3, -2/36 HPs)
             Began as a Troll Chaos Knight on Apr 6, 2016.
             Slain by an orc
             ... wielding a +0 trident
              (4 damage)
             ... on level 3 of the Dungeon.
             The game lasted 00:17:23 (1926 turns).

Inkary the Cudgeler (Troll Chaos Knight)            Turns: 1926, Time: 00:17:23

Health: -2/36      AC:  7    Str: 20    XL:     3   Next: 75%
Magic:  2/2        EV: 10    Int:  8    God:    Xom [.*....]
Gold:   118        SH:  0    Dex: 12    Spells: 0 memorised, 2 levels left

rFire  . . .     SeeInvis .     a - +1 mace (chaos)
rCold  . . .     Clarity  .     b - +2 robe
rNeg   . . .     SustAt   .     (no shield)
rPois  .         Gourm    +     (helmet restricted)
rElec  .         Spirit   .     (no cloak)
rCorr  .         Warding  .     (gloves unavailable)
rMut   .         Rnd*Tele +     (boots unavailable)
MR     .....                    (no amulet)
Stlth  +.........               g - +2 ring of dexterity
                                k - ring of teleportation (curse)

@: not resistant to hostile enchantments, very unstealthy
A: unfitting armour, claws 3, fast metabolism 3, gourmand, regeneration 2,
shaggy fur 1, tough skin 2
a: Renounce Religion, Evoke Teleportation


You were on level 3 of the Dungeon.
You worshipped Xom.
You were a plaything of Xom.
You were not hungry.

You visited 1 branch of the dungeon, and saw 3 of its levels.

You collected 118 gold pieces.

Inventory:

Hand Weapons
 a - a +1 mace of chaos (weapon)
Armour
 b - a +2 robe (worn)
Jewellery
 d - an uncursed ring of positive energy
 g - a +2 ring of dexterity (right claw)
 h - an uncursed ring of ice
 k - a cursed ring of teleportation (left claw)
Potions
 m - a potion of curing {unknown}
 n - 2 potions of invisibility {unknown}
 o - a potion of resistance {unknown}
Comestibles
 c - 4 bread rations
 f - a slice of pizza
 i - a royal jelly
 j - a meat ration


   Skills:
 + Level 2.6 Fighting
 + Level 3.2 Maces & Flails
 * Level 3.0 Dodging


You had 2 spell levels left.
You didn't know any spells.

Dungeon Overview and Level Annotations

Branches:
Dungeon (3/15)

Altars:
Ashenzari
Gozag
Nemelex Xobeh
Sif Muna
Trog
Zin


Innate Abilities, Weirdness & Mutations

You are too large for most types of armour.
You have claws for hands.
Your metabolism is lightning-fast.
You like to eat raw meat.
You heal very quickly.
You are covered in fur (AC +1).
You have very tough skin (AC +2).


Message History

The orc's wounds heal themselves!
The orc hits you but does no damage.
You barely miss the orc. The orc hits you with a trident.
* * * LOW HITPOINT WARNING * * *
The orc priest hits you but does no damage.
You hit the orc. You burn the orc.
The orc is moderately wounded.
The orc misses you. The orc priest hits you.
* * * LOW HITPOINT WARNING * * *
You closely miss the orc.
The orc is moderately wounded.
The orc hits you but does no damage.
The orc priest calls down the wrath of Beogh upon you.
Pain shoots through your body!
* * * LOW HITPOINT WARNING * * *
You closely miss the orc.
The orc is moderately wounded.
The orc priest looks braver for a moment.
The orc hits you with a trident.
You die...
Xom laughs nastily!

############
#o@........#
#o####.....#
##.#........########
#....o.............#
#..#.##.o...######.#
#.......##### #.#
#.....##)# #.#
#..#####.# #.. #..
#o.....# #.#


You could see an orc priest and an orc.

Vanquished Creatures
  2 adders (D:2)
  An ooze (D:2)
  A worm (D:2)
  2 orcs
  8 bats
  A giant cockroach (D:2)
  5 hobgoblins
  2 kobolds
  2 quokkas
  4 goblins
  5 rats (D:2)
33 creatures vanquished.

Notes
Turn   | Place    | Note
--------------------------------------------------------------
     0 | D:1      | Inkary the Troll Chaos Knight began the quest for the Orb.
     0 | D:1      | Reached XP level 1. HP: 22/22 MP: 0/0
    77 | D:1      | XOM: harmless Erth miscast
   323 | D:1      | Reached skill level 3 in Maces & Flails
   384 | D:1      | XOM: divination: detect items
   519 | D:1      | Reached XP level 2. HP: 29/29 MP: 1/1
   753 | D:2      | XOM: scenery: 3 doors open
   799 | D:2      | Reached XP level 3. HP: 36/36 MP: 2/2
   869 | D:2      | Found a shattered altar of Ashenzari.
  1306 | D:2      | Found a sparkling altar of Nemelex Xobeh.
  1372 | D:3      | XOM: silly message
  1443 | D:3      | XOM: silly message
  1469 | D:3      | Found a bloodstained altar of Trog.
  1469 | D:3      | Found a deep blue altar of Sif Muna.
  1472 | D:3      | Found an opulent altar of Gozag.
  1472 | D:3      | Found a glowing silver altar of Zin.
  1505 | D:3      | XOM: noise
  1905 | D:3      | XOM: enchant monster (good)
  1926 | D:3      | Slain by an orc

Action                   || total
-------------------------++-------
Melee: Mace              ||    81
  Use: Scroll            ||     6
       Potion            ||     1
  Eat: Chunk             ||    13
       Royal jelly       ||     1
